 Dungeon Crawl Stone Soup version 0.29.1-13-g9f3cf754e1 (webtiles) character file.

Game seed: 17800166248979562288

74 fleeber the Slasher (level 4, -1/33 HPs)
             Began as a Merfolk Gladiator on Jan 29, 2023.
             Slain by Natasha (7 damage)
             ... on level 2 of the Dungeon.
             The game lasted 00:04:30 (1057 turns).

fleeber the Slasher (Merfolk Gladiator)             Turns: 1057, Time: 00:04:30

Health: -1/33      AC:  4    Str: 14    XL:     4   Next: 30%
Magic:  4/4        EV: 13    Int:  7    God:
Gold:   40         SH:  5    Dex: 17    Spells: 3/3 levels left

rFire   . . .      SeeInvis .   a - +0 long sword
rCold   . . .      Faith    .   (no shield)
rNeg    . . .      Spirit   .   b - +0 leather armour
rPois   .          Reflect  +   c - +0 helmet
rElec   .          Harm     .   (no cloak)
rCorr   .          Rampage  .   (no gloves)
Will    .....                   (no boots)
Stlth   +.........              i - amulet of reflection
HPRegen 0.11/turn               (no ring)
MPRegen 0.09/turn               (no ring)

@: no status effects
A: (nimble swimmer 2), mertail
a: no special abilities


You were on level 2 of the Dungeon.
You visited 1 branch of the dungeon, and saw 2 of its levels.

You collected 40 gold pieces.

Inventory:

Hand Weapons
 a - a +0 long sword (weapon)
Missiles
 d - 3 throwing nets (quivered)
 e - a javelin
 f - 17 stones
Armour
 b - a +0 leather armour (worn)
 c - a +0 helmet (worn)
Jewellery
 i - an amulet of reflection (around neck)
Scrolls
 g - a scroll of magic mapping {unknown}
Potions
 h - 2 potions of flight {unknown}
 j - a potion of lignification {unknown}
 k - a potion of mutation {unknown}
 l - 2 potions of haste {unknown}


   Skills:
 - Level 2.1 Fighting
 + Level 6.0 Long Blades
 - Level 2.0 Throwing
 - Level 4.0 Dodging


You had 3 spell levels left.
You didn't know any spells.
Your spell library was empty.

Dungeon Overview and Level Annotations

Branches:
Dungeon (2/15)

Altars:

Annotations:
D:2 Natasha


Innate Abilities, Weirdness & Mutations

((You are very nimble when in or above water. (Stealth+, EV+, Speed+++)))
Your lower body shifts to a powerful aquatic tail in water.


Message History

Natasha, Servant of Life and Death comes into view.
She is carrying a wand of quicksilver (5).
You see here 5 stones.
A quokka comes into view.
Natasha hisses angrily.
Natasha zaps a wand.
The bolt of dispelling energy hits you!
You closely miss Natasha. You block Natasha's attack. Natasha claws you.
You closely miss Natasha. Natasha claws you!
* * * LOW HITPOINT WARNING * * *
You closely miss Natasha. Natasha claws you but does no damage.
You barely miss Natasha. Natasha completely misses you.
You slash Natasha!
Natasha is heavily wounded.
Natasha zaps a wand.
The bolt of dispelling energy misses you.
You miss Natasha.
Natasha is heavily wounded.
Natasha barely misses you.
You hit Natasha.
Natasha is almost dead.
Natasha misses you.
You hit Natasha.
You kill Natasha!
Natasha screams in fury as she dies!
The quokka closely misses you.
Your Long Blades skill increases to level 6!
You have reached level 4!
You closely miss the quokka. The quokka closely misses you.
You slash the quokka!
You kill the quokka!
f - 17 stones (gained 5) Natasha, Servant of Life and Death comes into view.
She is carrying a wand of quicksilver (3).
Natasha zaps a wand.
The bolt of dispelling energy misses you.
Natasha extends her claws.
Natasha claws you.
* * * LOW HITPOINT WARNING * * *
You barely miss Natasha. Natasha claws you but does no damage.
You hit Natasha but do no damage. Natasha claws you but does no damage.
Natasha claws you!
You die...

##########†###.# ..
[..............#. #.###
######.##....... ...
#............. ..# #
#.##....######
#######.##.## #
####...# #.†..........
###.#######.###...#..##
#....#....#.....# ..
####@#....#<#.#.##.#
#h#....###......#
#.'........#.####
###...####.......
#..............
#...####........ #...#
#....>... #...#
#........ #....
........


You could see Natasha.

Vanquished Creatures
  Natasha (twice) (D:2)
  A dart slug (D:1)
  A bat (D:1)
  3 endoplasms (D:1)
  A giant cockroach (D:1)
  A goblin (D:1)
  4 hobgoblins (D:1)
  2 quokkas
  A ball python (D:1)
  4 frilled lizards (D:1)
  2 kobolds (D:1)
  A rat (D:1)
23 creatures vanquished.

Notes
Turn   | Place    | Note
-------+----------+-------------------------------------------
     0 | D:1      | fleeber the Merfolk Gladiator began the quest for the Orb.
     0 | D:1      | Reached XP level 1. HP: 16/16 MP: 1/1
   135 | D:1      | Reached skill level 4 in Long Blades
   205 | D:1      | Reached XP level 2. HP: 22/22 MP: 2/2
   512 | D:1      | Found a faded altar of an unknown god.
   635 | D:1      | Reached XP level 3. HP: 27/27 MP: 3/3
   851 | D:2      | Noticed Natasha
   861 | D:2      | Killed Natasha
   862 | D:2      | Reached skill level 5 in Long Blades
  1033 | D:2      | Noticed Natasha
  1042 | D:2      | Killed Natasha
  1043 | D:2      | Reached skill level 6 in Long Blades
  1043 | D:2      | Reached XP level 4. HP: 8/33 MP: 4/4
  1054 | D:2      | Noticed Natasha
  1057 | D:2      | Slain by Natasha

Illustrated notes

Levels and vault maps discovered:
D:1:      evilmike_arrival_rings, layout_basic, chequers_ecumenical_altar_simple
D:2:      layout_basic, uniq_natasha

Skill      XL: |  1  2  3 |
---------------+----------+-----
Long Blades    | 4 6 |  6.0
Fighting       | |  2.1
Throwing       | |  2.0
Dodging        | |  4.0

Action                   |  1- 3 |  4- 6 || total
-------------------------+-------+-------++-------
Melee: Long sword        |    66 |     4 ||    70
       Punch             |     1 |       ||     1
Armor: Leather armour    |    13 |     2 ||    15
Dodge: Dodged            |    39 |     2 ||    41
Block: Other             |     7 |       ||     7
